 Dungeon Crawl Stone Soup version 0.26.1-11-gd32895ea62 (webtiles) character file.

Game seed: 8085851693421674452

350 Arcadio the Changer (level 6, -5/43 HPs)
             Began as a Merfolk Transmuter on May 19, 2021.
             Killed by divine providence
             ... invoked by an orc priest
              (12 damage)
             ... on level 4 of the Dungeon.
             The game lasted 00:10:56 (6638 turns).

Arcadio the Changer (Merfolk Transmuter)            Turns: 6638, Time: 00:10:57

Health: -5/43      AC:  4    Str: 12    XL:     6   Next: 61%
Magic:  9/9        EV: 14    Int: 13    God:
Gold:   161        SH:  0    Dex: 14    Spells: 3/9 levels left

rFire    . . .     SeeInvis .     - Unarmed
rCold    . . .     Faith    .   (no shield)
rNeg     . . .     Spirit   .   u - +0 leather armour
rPois    +         Reflect  .   (helmet currently unavailable)
rElec    .         Harm     .   f - +0 cloak
rCorr    .         Rampage  .   (no gloves)
Will     .....                  (boots currently unavailable)
Stlth    +.........             (no amulet)
HPRegen  0.14/turn              h - ring of poison resistance
MPRegen  0.11/turn              (no ring)

@: appendages (expiring)
A: change form in water, swift swim, stealthy swim, horns 2
a: End Transformation


You were on level 4 of the Dungeon.
You had grown temporary horns.
You visited 1 branch of the dungeon, and saw 4 of its levels.

You collected 161 gold pieces.

Inventory:

Armour
 a - a +0 robe
 b - a +0 helmet (melded)
 f - a +0 cloak (worn)
 l - a +0 pair of boots (melded)
 o - a +0 leather armour
 u - a +0 leather armour (worn)
Jewellery
 h - a ring of poison resistance (left hand)
Wands
 t - a wand of polymorph (4)
Scrolls
 d - a scroll of fog {unknown}
 i - a scroll of fear {unknown}
 j - a scroll of remove curse
 k - a scroll of enchant armour {unknown}
 m - a scroll of teleportation
 r - a scroll of enchant weapon {unknown}
 s - a scroll of random uselessness {unknown}
Potions
 c - 2 potions of heal wounds
 e - a potion of brilliance
 g - a potion of curing
 p - a potion of cancellation
 q - 2 potions of magic


   Skills:
 - Level 1.1 Fighting
 + Level 5.5 Dodging
 + Level 5.2 Unarmed Combat
 - Level 2.0 Spellcasting
 + Level 5.6 Transmutations


You had 3 spell levels left.
You knew the following spells:

 Your Spells              Type           Power        Failure   Level
a - Beastly Appendage     Tmut           30%          3%          1
b - Wereblood             Tmut           15%          4%          2
c - Spider Form           Tmut/Pois      4%           30%         3

Your spell library contained the following spells:

 Spells                   Type           Power        Failure   Level
 Corona                   Hex            1%           32%         1
 Ensorcelled Hibernation  Hex/Ice        2%           43%         2
 Confusing Touch          Hex            1%           67%         3
 Dazzling Flash           Conj/Hex       2%           67%         3
 Gell's Gravitas          Tloc           0%           67%         3
 Tukima's Dance           Hex            1%           67%         3
 Blade Hands              Tmut           7%           65%         5
 Ice Form                 Ice/Tmut       8%           71%         4
 Petrify                  Tmut/Erth      8%           71%         4
 Yara's Violent Unravell  Hex/Tmut       4%           96%         5
 Metabolic Englaciation   Hex/Ice        0%           100%        5


Dungeon Overview and Level Annotations

Branches:
Dungeon (4/15)
 Temple: D:4-7

Altars:
Gozag
Kikubaaqudgha
Yredelemnul
The Shining One

Annotations:
D:4 3 runed translucent doors, Gwenloh's ghost, amateur HOMo


Innate Abilities, Weirdness & Mutations

You revert to your normal form in water.
You are very nimble and swift while swimming.
You are very stealthy in the water. (Stealth+)
You have a pair of horns on your head.


Message History

The orc priest mumbles some strange prayers to Beogh against you.
Beogh smites you!
You closely miss the orc priest.
The orc priest is severely wounded.
The orc priest barely misses you.
You hit the orc priest but do no damage.
The orc priest is severely wounded.
The orc priest mumbles some strange prayers to Beogh against you.
Beogh smites you!
You hit the orc priest but do no damage.
Your headbutt misses the orc priest.
The orc priest is severely wounded.
Your transformation is almost over.
The orc priest hits you with a +0 hand axe.
* * * LOW HITPOINT WARNING * * *
You barely miss the orc priest. Your punch misses the orc priest.
The orc priest is severely wounded.
The orc priest invokes the aid of Beogh against you.
Beogh smites you!
You die...

##########...#######
#..## ###.## #..#
#.#.# #..# ######
##.).# ##.##
#....### ##..###
##.#
#..##...###....# ##.
#######........###
## ###........####..
# ##.....@o.....<
#.....##......
###....## #..... #..
###......## #....
...## ###.........##
#### .
#..####......# #.##
##.....# #.##
###..## ##.## #### #


You could see an orc priest.

Vanquished Creatures
  An ogre (D:4)
  An orc priest (D:4)
  An orc wizard (D:4)
  4 gnolls (D:3)
  8 adders
  An ooze (D:2)
  A worm (D:2)
  3 dart slugs
  5 leopard geckos
  7 orcs (D:4)
  A ball python (D:1)
  11 bats
  6 giant cockroaches
  4 hobgoblins
  3 jackals (D:3)
  A quokka (D:4)
  4 frilled lizards
  7 goblins
  7 kobolds
  9 rats
85 creatures vanquished.

Vanquished Creatures (others)
  4 withered plants (D:3)
4 creatures vanquished.

Grand Total: 89 creatures vanquished

Notes
Turn   | Place    | Note
-------+----------+-------------------------------------------
     0 | D:1      | Arcadio the Merfolk Transmuter began the quest for the Orb.
     0 | D:1      | Reached XP level 1. HP: 15/15 MP: 3/3
   306 | D:1      | Reached XP level 2. HP: 14/21 MP: 3/5
   787 | D:1      | Learned a level 2 spell: Wereblood
   822 | D:1      | Reached XP level 3. HP: 13/26 MP: 4/6
  1780 | D:2      | Found a faded altar of an unknown god.
  2168 | D:2      | Reached XP level 4. HP: 17/32 MP: 7/7
  3208 | D:2      | Found an opulent altar of Gozag.
  3888 | D:3      | Found an ancient bone altar of Kikubaaqudgha.
  4022 | D:3      | Reached XP level 5. HP: 21/37 MP: 8/8
  4441 | D:3      | Learned a level 3 spell: Spider Form
  5142 | D:4      | Noticed an ogre
  5568 | D:4      | Killed an ogre
  5569 | D:4      | Reached skill level 5 in Dodging
  5569 | D:4      | Reached skill level 5 in Unarmed Combat
  5569 | D:4      | Reached skill level 5 in Transmutations
  5569 | D:4      | Reached XP level 6. HP: 43/43 MP: 9/9
  5633 | D:4      | Noticed Gwenloh's ghost (amateur HOMo)
  5634 | D:4      | Found a runed translucent gate.
  5634 | D:4      | Found a runed translucent gate.
  5636 | D:4      | Found a runed translucent gate.
  6018 | D:4      | HP: 1/43 [orc/+0 short sword (5)]
  6498 | D:4      | Found a glowing golden altar of the Shining One.
  6498 | D:4      | Found a basalt altar of Yredelemnul.
  6505 | D:4      | Noticed a profane servitor
  6638 | D:4      | Killed from afar by an orc priest

Illustrated notes

Levels and vault maps discovered:
D:1:      elethiomel_arrival_maze, layout_basic, wad_floor_pattern_2,
          st_stairs_11, minmay_quantized
D:2:      layout_loops_cross, nicolae_gozag_cash_rules_everything_around_me,
          chequers_ecumenical_altar_simple_redux
D:3:      layout_basic, kiku_gazebo_garden_becter
D:4:      layout_layer_cave, grunt_temple_overflow_holy_war,
          gammafunk_ghost_split

Skill      XL: |  1  2  3  4  5 |
---------------+----------------+-----
Dodging        | 3 4 5 |  5.5
Transmutations | 3 4 5 |  5.6
Unarmed Combat | 4 5 |  5.2
Fighting       | |  1.1
Spellcasting   | |  2.0

Action                   |  1- 3 |  4- 6 || total
-------------------------+-------+-------++-------
Melee: Unarmed           |   124 |   240 ||   364
       Headbutt          |     7 |    32 ||    39
       Punch             |     2 |     3 ||     5
 Cast: Beastly Appendage |    24 |    33 ||    57
       Wereblood         |     1 |     5 ||     6
       Spider Form       |       |     1 ||     1
  Use: Scroll            |     3 |     5 ||     8
       Potion            |       |     1 ||     1
 Stab: Sleeping          |     1 |       ||     1
Armor: Robe              |    23 |    42 ||    65
       Leather armour    |       |    14 ||    14
Dodge: Dodged            |    87 |   183 ||   270
